 Dungeon Crawl Stone Soup version 0.29-a0-338-g1ff7896281 (webtiles) character file.

Game seed: 3917253373481777118

38 Dauddaud the Chopper (level 3, -12/46 HPs)
             Began as a Minotaur Berserker on Apr 18, 2022.
             Was a Follower of Trog.
             Mangled by a gnoll
             ... wielding a +0 halberd
              (14 damage)
             ... on level 2 of the Dungeon.
             The game lasted 00:01:55 (916 turns).

Dauddaud the Chopper (Minotaur Berserker)            Turns: 916, Time: 00:01:55

Health: -12/46     AC:  8    Str: 23    XL:     3   Next: 25%
Magic:  2/2        EV:  8    Int:  4    God:    Trog [*.....]
Gold:   41         SH:  0    Dex:  9    Spells: 2/2 levels left

rFire   . . .      SeeInvis .   a - +0 hand axe
rCold   . . .      Faith    .   (no shield)
rNeg    . . .      Spirit   .   k - +0 chain mail
rPois   .          Reflect  .   (helmet restricted)
rElec   .          Harm     .   (no cloak)
rCorr   .          Rampage  .   (no gloves)
Will    .....                   (no boots)
Stlth   ..........              (no amulet)
HPRegen 0.15/turn               (no ring)
MPRegen 0.08/turn               (no ring)

@: berserking, very quick
A: horns 2, retaliatory headbutt
a: Renounce Religion, Berserk


You were on level 2 of the Dungeon.
You worshipped Trog.
Trog was aware of your devotion.
You visited 1 branch of the dungeon, and saw 2 of its levels.

You collected 41 gold pieces.

Inventory:

Hand Weapons
 a - a +0 hand axe (weapon)
Armour
 b - a +0 animal skin
 d - a +0 scale mail
 k - a +0 chain mail (worn)
Scrolls
 f - a scroll of teleportation {unknown}
 g - a scroll of vulnerability {unknown}
 i - 2 scrolls of blinking {unknown}
 j - 2 scrolls of noise {unknown}
 l - a scroll of magic mapping {unknown}
 m - a scroll of identify {unknown}
Potions
 c - 2 potions of lignification {unknown}
 e - 2 potions of brilliance {unknown}
 h - a potion of invisibility {unknown}
 n - a potion of heal wounds {unknown}


   Skills:
 - Level 3.6 Fighting
 + Level 5.3 Axes
 - Level 2.4 Armour
 - Level 2.1 Dodging


You had 2 spell levels left.
You didn't know any spells.
Your spell library was empty.

Dungeon Overview and Level Annotations

Branches:
Dungeon (2/15)

Altars:


Innate Abilities, Weirdness & Mutations

You have a pair of horns on your head.
You reflexively headbutt those who attack you in melee.


Message History

You kill the goblin!
Trog accepts your kill.
No target in view!
No target in view!
No target in view!
No target in view!
No target in view!
No target in view!
No target in view!
Found a stone staircase leading up.
Things that are here:
a +0 dagger; a goblin corpse
i - 2 scrolls labelled XOYMUD XONOTAI (gained 1)
Found a stone staircase leading down.
A gnoll comes into view. It is wielding a +0 halberd.
A ball python comes into view.
A gnoll comes into view. It is wielding a +0 halberd.
The ball python hisses angrily.
A gnoll comes into view. It is wielding a +0 club.
The gnoll shouts!
The ball python bites you but does no damage.
The ball python barely misses you.
You closely miss the gnoll. You headbutt the gnoll!
Your punch misses the gnoll.
The gnoll is severely wounded.
You hit the ball python.
You kill the ball python!
Trog accepts your kill.
The gnoll hits you from afar with a +0 halberd!
The gnoll barely misses you.
You barely miss the gnoll.
The gnoll is severely wounded.
The gnoll hits you from afar with a +0 halberd.
The gnoll hits you with a +0 halberd!
* * * LOW HITPOINT WARNING * * *
A red film seems to cover your vision as you go berserk!
You feel yourself moving faster!
You feel mighty!
An adder comes into view.
The gnoll hits you from afar with a +0 halberd!
You die...

..#.......###......##.
.................#..#
#................# ##
#..#.......###)..#
..#.#.............#
#..........<##...#.#
##..#.#.#..####...#.#
..........>........ .
.......@...####..... #
##.....g†............
.....g#.#..####......#
S............
....g......###
##..........
#....###...# .....
...#


You could see 3 gnolls and an adder (wandering).

Vanquished Creatures
  An adder (D:2)
  A worm (D:2)
  4 ball pythons
  2 endoplasms
  2 giant cockroaches (D:1)
  2 goblins
  4 hobgoblins
  3 jackals (D:1)
  A kobold (D:1)
  A bat (D:1)
  2 rats
23 creatures vanquished.

Notes
Turn   | Place    | Note
-------+----------+-------------------------------------------
     0 | D:1      | Dauddaud the Minotaur Berserker began the quest for the
                  | Orb.
     0 | D:1      | Reached XP level 1. HP: 19/19 MP: 0/0
    37 | D:1      | Reached skill level 4 in Axes
   179 | D:1      | Reached XP level 2. HP: 21/26 MP: 1/1
   840 | D:2      | Reached skill level 5 in Axes
   843 | D:2      | Reached XP level 3. HP: 27/31 MP: 2/2
   915 | D:2      | HP: 1/31 [gnoll/+0 halberd (14)]
   916 | D:2      | Mangled by a gnoll

Illustrated notes

Levels and vault maps discovered:
D:1:      wander_arrival_abandoned_jail, layout_basic
D:2:      layout_basic, dilly_ecumenical_altar_fadedgnrine, minmay_hexomino_f4

Skill      XL: |  1  2 |
---------------+-------+-----
Axes           | 4 5 |  5.3
Fighting       | |  3.6
Armour         | |  2.4
Dodging        | |  2.1

Action                   || total
-------------------------++-------
Melee: Hand axe          ||    42
       Headbutt          ||     7
Invok: Berserk           ||     1
Armor: Scale mail        ||    12
       Chain mail        ||     2
Dodge: Dodged            ||    26

Table legend: (Time is in decaauts)
 A = Elapsed time spent in this place.
 B = Non-inter-level travel time spent in this place.
 C = Inter-level travel time spent in this place.
 D = Time resting spent in this place.
 E = Time spent auto-exploring this place.
 F = Levels seen in this place.
 G = Mean time per level.
                   A        B        C        D        E       F      G
               +--------+--------+--------+--------+--------+-----+--------+
         Total |    919 |    916 |      3 |      0 |    762 |   2 |  459.5 |
       Dungeon |    919 |    916 |      3 |      0 |    762 |   2 |  459.5 |
               +--------+--------+--------+--------+--------+-----+--------+

Top non-repeatable levels by time:
     D:1: 777 daAuts
     D:2: 141 daAuts
